 Dungeon Sprint DCSS version 0.20-a0-893-g832831a (webtiles) character file.

186 esc the Ducker (level 5, -12/29 HPs)
             Began as a Spriggan Artificer on Mar 16, 2017.
             Killed from afar by a burning bush (16 damage)
             ... with a puff of flame
             ... in the Dungeon (Sprint IV: "Fedhas' Mad Dash").
             The game lasted 00:03:23 (283 turns).

esc the Ducker (Spriggan Artificer)                  Turns: 283, Time: 00:03:23

Health: -12/29     AC:  2    Str:  8    XL:     5   Next: 38%
Magic:  10/11      EV: 23    Int: 13    God:
Gold:   83         SH:  0    Dex: 17    Spells: 4/4 levels left

rFire    . . .     SeeInvis +   a - +0 short sword
rCold    . . .     Gourm    .   b - +0 robe
rNeg     . . .     Faith    .   (shield restricted)
rPois    .         Spirit   .   (helmet restricted)
rElec    .         Reflect  .   (no cloak)
rCorr    .         Harm     .   (gloves unavailable)
MR       .....     NoTele   +   (boots unavailable)
Stlth    ++........             n - amulet of invisibility {+Inv}
Regen    0.1/turn               (no ring)
MPRegen  0.2/turn               (no ring)

@: confused, very slightly contaminated, invisible (expiring), very quick
A: unfitting armour, see invisible, herbivore 3, speed 3, slow metabolism 2
a: Turn Visible


You were in the Dungeon.
You were not hungry.

You visited 1 branch You collected 83 gold pieces.

Inventory:

Hand Weapons
 a - a +0 short sword (weapon)
Armour
 b - a +0 robe (worn)
Jewellery
 n - the amulet of invisibility (around neck) {+Inv}
   (You found it in the Dungeon)

   [amulet of nothing]

   It lets you turn invisible.
Wands
 c - a wand of flame (15/48)
 d - a wand of enslavement (11/24)
 e - a wand of random effects (11/48)
Scrolls
 l - a scroll of blinking {!r}
 m - a scroll of recharging {unknown}
 o - a scroll of identify {unknown}
Potions
 g - a potion of curing
 h - a potion of heal wounds
 i - a potion of haste
 j - 2 potions of magic
 k - a potion of berserk rage {!q}
Comestibles
 f - a bread ration {@e1}


   Skills:
 + Level 4.0 Fighting
 + Level 5.5 Short Blades
 + Level 7.8 Dodging
 + Level 7.7 Stealth
 + Level 7.5 Evocations


You had 4 spell levels left.
You didn't know any spells.

Dungeon Overview and Level Annotations

Branches:
Dungeon (1/1)

Altars:
Cheibriados
Dithmenos
Elyvilon
Gozag
Hepliaklqana
Kikubaaqudgha
Makhleb
Nemelex Xobeh
Okawaru
Qazlal
Ru
Sif Muna
Trog
Uskayaw
Vehumet
Wu Jian
Xom
Yredelemnul
Zin
The Shining One
Beogh
Jiyva
Lugonu

Shops:
D [[

Annotations:
D exclusion: oklob sapling


Innate Abilities, Weirdness & Mutations

You are very small and have problems with some larger weapons.
You are too small for most types of armour.
You have supernaturally acute eyesight. (SInv)
You are a herbivore.
You cover ground extremely quickly.
You need consume almost no food.


Message History

The spriggan is charmed.
This wand has 11 charges left.
The spriggan barely misses your spriggan.
The scorpion stings your spriggan but does no damage.
The spriggan barely misses your spriggan.
The scorpion stings your spriggan.
Your spriggan is poisoned.
The scorpion poisons your spriggan!
The spriggan completely misses your spriggan.
The scorpion stings your spriggan.
The spriggan closely misses your spriggan.
The scorpion stings your spriggan but does no damage.
Your spriggan dies!
The spriggan misses you.
Aim: a scorpion The spriggan resists with some effort.
This wand has 12 charges left.
The spriggan closely misses you.
Aim: a scorpion The bolt of negative energy hits the spriggan.
The spriggan is drained!
You kill the spriggan!
Your Dodging skill increases to level 7!
Your Evocations skill increases to level 7!
You have reached level 5!
You feel clever.
The bolt of negative energy hits the scorpion.
The scorpion is drained!
You kill the scorpion!
Your Fighting skill increases to level 4!
Your Short Blades skill increases to level 5!
Your Stealth skill increases to level 7!
This wand has 11 charges left.
You regained 4 hp, and now have 22/29 hp.
MP restored: 11
There is an open door here.
Items here: )) [[ † a dagger; a robe; a dagger; a robe; a spriggan corpse You butcher the spriggan corpse.
There is an open door, spattered with blood here.
Items here: % )) [[ ÷ a dagger; a robe; a dagger; a robe; 2 chunks of flesh {@w0} a spriggan skeleton You now have 45 gold pieces (gained 4).
You now have 58 gold pieces (gained 13).
You now have 74 gold pieces (gained 16).
You start resting.
Health restored: 29 You open the door.
Found 9 gold pieces.
Found Dokiffuq's Armour Shop and Zuud's Antique Armour Emporium.
There is an open door here.
There is an entrance to Zuud's Antique Armour Emporium here.
There is an entrance to Dokiffuq's Armour Shop here.
You now have 83 gold pieces (gained 9).
No target in view!
You fail to use your ability.
You fade into invisibility!
You are very lightly contaminated with residual magic.
You feel somewhat more hungry.
You now have 9/11 mp.
You open the door.
A wandering mushroom and a burning bush come into view.
A scorpion and a wandering mushroom come into view.
There is an open door here.
The helpless wandering mushroom fails to defend itself.
You impale the wandering mushroom!!
The wandering mushroom completely misses you.
The burning bush throws fire at you. The puff of flame misses you.
You see here a long sword.
The helpless wandering mushroom fails to defend itself.
You impale the wandering mushroom!!
You hit the wandering mushroom but do no damage.
The wandering mushroom misses you. x2
The scorpion stings you but does no damage.
You hit the wandering mushroom. The burning bush throws fire at you.
The puff of flame misses you.
The wandering mushroom releases spores at you!
Ouch! That really hurt!
You are engulfed in a cloud of spores!
You are confused.
The wandering mushroom misses you. The scorpion completely misses you.
You take 17 damage, and have 12/29 hp.
MASSIVE DAMAGE!!
The wandering mushroom barely misses you.
The scorpion closely misses you.
You bump into the stone wall.
You bump into the stone wall.
The wandering mushroom releases spores at you!
* * * LOW HITPOINT WARNING * * *
You are engulfed in a cloud of spores!
The scorpion completely misses you.
You take 8 damage, and have 4/29 hp.
MASSIVE DAMAGE!!
You closely miss the scorpion.
You flicker for a moment.
The wandering mushroom misses you. The burning bush throws fire at you.
The puff of flame hits you!
Ouch! That really hurt!
You die...

####################
._._.⌠.#.))...#.@..#
_._._..'..#...#sf.P+
._._...#..###'##.))#
_._._..#.)##∩∩.'..f#
._._.⌠.#############
########


You could see 2 wandering mushrooms, a burning bush and a scorpion (wandering).

Vanquished Creatures
  2 oklob saplings (D)
  A scorpion (D)
  A worker ant (D)
  A spriggan (D)
  A river rat (D)
  A rat (D)
7 creatures vanquished.

Vanquished Creatures (others)
  A spriggan (D)
1 creature vanquished.

Grand Total: 8 creatures vanquished

Notes
Turn   | Place    | Note
-------+----------+-------------------------------------------
     0 | D        | esc the Spriggan Artificer began the quest for the Orb.
     0 | D        | Reached XP level 1. HP: 9/9 MP: 4/4
     8 | D        | Reached skill level 1 in Fighting
     8 | D        | Reached skill level 2 in Short Blades
     8 | D        | Reached skill level 4 in Dodging
     8 | D        | Reached skill level 3 in Stealth
     8 | D        | Reached XP level 2. HP: 14/14 MP: 6/6
    16 | D        | Noticed an oklob sapling
    21 | D        | Reached skill level 2 in Fighting
    21 | D        | Reached skill level 3 in Short Blades
    21 | D        | Reached skill level 5 in Dodging
    21 | D        | Reached skill level 4 in Stealth
    21 | D        | Reached skill level 5 in Evocations
    21 | D        | Reached XP level 3. HP: 18/18 MP: 8/8
    44 | D        | Found an opulent altar of Gozag.
    44 | D        | Found a hazy altar of Hepliaklqana.
    44 | D        | Found a burning altar of Makhleb.
    44 | D        | Found a roughly hewn altar of Beogh.
    44 | D        | Found a sparkling altar of Nemelex Xobeh.
    44 | D        | Found a snail-covered altar of Cheibriados.
    44 | D        | Found a sacrificial altar of Ru.
    44 | D        | Found a deep blue altar of Sif Muna.
    44 | D        | Found a shimmering altar of Xom.
    44 | D        | Found a basalt altar of Yredelemnul.
    45 | D        | Found a viscous altar of Jiyva.
    45 | D        | Found a bloodstained altar of Trog.
    45 | D        | Found an ornate altar of the Wu Jian Council.
    45 | D        | Noticed an oklob sapling priest
    46 | D        | Found an iron altar of Okawaru.
    46 | D        | Found a shadowy altar of Dithmenos.
    46 | D        | Found a glowing silver altar of Zin.
    47 | D        | Found an ancient bone altar of Kikubaaqudgha.
    47 | D        | Found a hide-covered altar of Uskayaw.
    48 | D        | Found a stormy altar of Qazlal.
    48 | D        | Found a white marble altar of Elyvilon.
    48 | D        | Found a glowing golden altar of the Shining One.
    49 | D        | Found a corrupted altar of Lugonu.
    49 | D        | Found a radiant altar of Vehumet.
    53 | D        | Killed an oklob sapling priest
    53 | D        | Reached skill level 3 in Fighting
    53 | D        | Reached skill level 4 in Short Blades
    53 | D        | Reached skill level 6 in Dodging
    53 | D        | Reached skill level 5 in Stealth
    53 | D        | Reached skill level 6 in Evocations
    53 | D        | Reached XP level 4. HP: 24/24 MP: 6/9
    64 | D        | Reached skill level 6 in Stealth
   188 | D        | Reached skill level 7 in Dodging
   188 | D        | Reached skill level 7 in Evocations
   188 | D        | Reached XP level 5. HP: 21/28 MP: 11/11
   188 | D        | Reached skill level 4 in Fighting
   188 | D        | Reached skill level 5 in Short Blades
   188 | D        | Reached skill level 7 in Stealth
   261 | D        | Found Dokiffuq's Armour Shop.
   261 | D        | Found Zuud's Antique Armour Emporium.
   269 | D        | Noticed a burning bush
   269 | D        | Noticed a wandering mushroom
   270 | D        | Noticed a wandering mushroom
   281 | D        | HP: 4/29 [wandering mushroom (8)]
   283 | D        | Killed from afar by a burning bush

Vault maps used:
D:        dungeon_sprint_fedhas

Skill      XL: |  1  2  3  4  5 |
---------------+----------------+-----
Fighting       | 1 2 3 4 |  4.0
Short Blades   | 2 3 4 5 |  5.5
Dodging        | 4 5 6 7 |  7.8
Stealth        | 3 4 5 6 7 |  7.7
Evocations     | 5 6 7 |  7.5

Action                   |  1- 3 |  4- 6 || total
-------------------------+-------+-------++-------
Melee: Short sword       |     3 |     6 ||     9
 Abil: Evoke Invisibilit |     1 |     1 ||     2
Evoke: Wand              |     2 |     6 ||     8
 Stab: Sleeping          |     2 |     3 ||     5
       Invisible         |     1 |       ||     1
Armor: Robe              |       |     2 ||     2
Dodge: Dodged            |       |    13 ||    13

Vault maps used:
D:        dungeon_sprint_fedhas

Table legend:
 A = Turns spent in this place as a percentage of turns spent in the entire game.
 B = Non-inter-level travel turns spent in this place as a percentage of non-inter-level travel turns spent in the entire game.
 C = Inter-level travel turns spent in this place as a percentage of turns spent in this place.
 D = Turns resting spent in this place as a percentage of non-inter-level travel turns spent in this place.
 E = Turns spent auto-exploring this place as a percentage of non-inter-level travel turns spent in this place.
 F = Non-inter-level travel turns spent in this place divided by the number of levels of this place that you've seen.
                   A       B       C       D       E      F
               +-------+-------+-------+-------+-------+----------------------
         Total | 100.0 | 100.0 |   0.0 |   5.0 |   0.0 | 119.0
       Dungeon | 100.0 | 100.0 |   0.0 |   5.0 |   0.0 | 119.0
               +-------+-------+-------+-------+-------+----------------------

Table legend:
 A = Kills in this place as a percentage of kills in entire the game.
 B = Kills by you in this place as a percentage of kills by you in the entire game.
 C = Kills by friends in this place as a percentage of kills by friends in the entire game.
 D = Other kills in this place as a percentage of other kills in the entire game.
 E = Experience gained in this place as a percentage of experience gained in the entire game.
 F = Experience gained in this place divided by the number of levels of this place that you have seen.
                   A       B       C       D       E      F
               +-------+-------+-------+-------+-------+----------------------
         Total | 100.0 | 100.0 |  -nan |  -nan | 100.0 | 267.0
       Dungeon | 100.0 | 100.0 |  -nan |  -nan | 100.0 | 267.0
               +-------+-------+-------+-------+-------+----------------------
